 Dungeon Crawl Stone Soup version 0.31-a0-303-gdc8c9485ea (webtiles) character file.

Game seed: 16700616447277183657

66 Monkooky the Changeling (level 4, 0/40 (49) HPs)
             Began as a Human Shapeshifter on July 16, 2023.
             Was a Believer of Kikubaaqudgha.
             Slain by Natasha (4 damage)
             ... on level 3 of the Dungeon.
             The game lasted 00:02:47 (1727 turns).

Monkooky the Changeling (Human Shapeshifter)        Turns: 1727, Time: 00:02:48

HP:   0/40 (49)     AC: 22    Str: 16    XL:     4   Next: 37%
MP:   0/5           EV:  2    Int: 10    God:    Kikubaaqudgha [**....]
Gold: 88            SH:  0    Dex: 13    Spells: 1/5 levels left

rFire   . .          .
                       - Unarmed
rCold   . . .        (no shield)
rNeg    . . .        a - melded +0 animal skin
rPois   +            (helmet currently unavailable)
rElec   .            (cloak currently unavailable)
rCorr   .            (gloves currently unavailable)
SInv    .            (boots currently unavailable)
Will    .....        (no amulet)
Stlth   +            (no ring)
HPRegen 0.26/turn    (no ring)
MPRegen 0.09/turn

%: no passive effects
@: tree-form, very slightly contaminated, slowed, heavily drained, very slow
A: stationary, stasis, torment immunity, boosted hp
a: Renounce Religion, Unearth Wretches


You were on level 3 of the Dungeon.
You worshipped Kikubaaqudgha.
Kikubaaqudgha was pleased with you.
You were a tree.
You visited 1 branch of the dungeon, and saw 3 of its levels.

You collected 88 gold pieces.

Inventory:

Missiles
 i - 6 curare-tipped darts
Armour
 a - a +0 animal skin (melded)
Talismans
 c - a beast talisman
Scrolls
 d - a scroll of identify {unknown}
 f - a scroll of poison {unknown}
 g - a scroll of teleportation {unknown}
Potions
 b - 2 potions of lignification
 e - a potion of enlightenment {unknown}
 h - a potion of invisibility {unknown}
 j - a potion of mutation {unknown}
 k - a potion of curing {unknown}


   Skills:
 - Level 2.0 Fighting
 - Level 2.0 Dodging
 - Level 2.5 Unarmed Combat
 + Level 1.0 Spellcasting
 - Level 0.6 Conjurations
 * Level 2.7 Necromancy
 - Level 3.0 Shapeshifting


You had one spell level left.
You knew the following spells:

 Your Spells              Type           Power      Damage    Failure   Level
a - Kiss of Death         Conj/Necr      12%        2d6       17%         1
b - Vampiric Draining     Necr           5%         2d6       34%         3

Your spell library contained the following spells:

 Spells                   Type           Power      Damage    Failure   Level
 Necrotise                Necr           20%        1d5       12%         1
 Sublimation of Blood     Necr           5%         N/A       17%         2
 Olgreb's Toxic Radiance  Pois           0%         N/A       98%         4
 Discord                  Hex            0%         N/A       100%        8
 Ignition                 Fire           0%         3d3       100%        8


Dungeon Overview and Level Annotations

Branches:
Dungeon (3/15)

Altars:
Kikubaaqudgha

Annotations:
D:3 Natasha


Message History

Nothing appears to happen.
Natasha stares at you and mumbles some strange words.
The magic dart hits you!
* * * LOW HITPOINT WARNING * * *
Casting: Vampiric Draining (quite dangerous; 34% risk of failure)
Confirm with . or Enter, or press ? or * to list all spells.
You don't have enough magic to cast this spell.
Casting: Vampiric Draining (quite dangerous; 34% risk of failure)
Confirm with . or Enter, or press ? or * to list all spells.
Aiming: Kiss of Death (safe; 17% risk of failure)
Press: ? - help, Shift-Dir - straight line, f/p - Natasha
Aim: Natasha (100% to hit)
The negative energy hits Natasha.
Natasha is drained!
Natasha is moderately wounded.
You feel drained. Natasha claws you.
* * * LOW HITPOINT WARNING * * *
Natasha mewls in sadness.
Natasha misses you.
Casting: Kiss of Death (safe; 17% risk of failure)
Confirm with . or Enter, or press ? or * to list all spells.
Aiming: Kiss of Death (safe; 17% risk of failure)
Press: ? - help, Shift-Dir - straight line, f/p - Natasha
Aim: Natasha (moderately wounded, heavily drained, 100% to hit)
You miscast Kiss of Death.
Nothing appears to happen.
Natasha claws you.
* * * LOW HITPOINT WARNING * * *
Unknown command.
Really quaff the potion of lignification?
Your transformation has ended.
You turn into a tree.
Your +0 animal skin melds into your body.
Your roots penetrate the ground.
Natasha claws you but does no damage. x2
Unknown command.
You closely miss Natasha.
Natasha is moderately wounded.
Natasha claws you but does no damage.
You closely miss Natasha.
Natasha is moderately wounded.
Natasha claws you.
You die...
Kikubaaqudgha rasps: "You have failed me!
Welcome... death!"

#.# #.# #.# #[#
########.# #.#
#)....##.# #.#
#.....##.# #.#
+.......>#####.# #####
#..............# #...#
#...h♣.........###.#.#
#....................#.#
#...............######.#
......##........##.....#
###### #................
#............<...
###.#####........ #.#
###+##+## #


You could see Natasha (very drained).

Vanquished Creatures
  2 adders (D:2)
  3 worms (D:2)
  A dart slug (D:1)
  8 endoplasms
  3 giant cockroaches
  4 goblins
  A hobgoblin (D:2)
  A kobold (D:1)
  A quokka (D:2)
  3 ball pythons (D:2)
  4 bats
  3 frilled lizards (D:2)
  3 rats
37 creatures vanquished.

Notes
Turn   | Place    | Note
-------+----------+-------------------------------------------
     0 | D:1      | Monkooky the Human Shapeshifter began the quest for the
                  | Orb.
     0 | D:1      | Reached XP level 1. HP: 16/16 MP: 1/1
   108 | D:1      | Found a faded altar of an unknown god.
   122 | D:1      | Prayed at the altar of an unknown god.
   122 | D:1      | Became a worshipper of Kikubaaqudgha
   122 | D:1      | Reached * piety under Kikubaaqudgha
   122 | D:1      | Received a gift from Kikubaaqudgha
   135 | D:1      | Reached XP level 2. HP: 10/22 MP: 2/2
   277 | D:1      | Reached skill level 1 in Necromancy
   432 | D:1      | Learned a level 1 spell: Kiss of Death
   680 | D:2      | Reached XP level 3. HP: 12/27 MP: 3/3
  1025 | D:2      | Reached XP level 4. HP: 10/31 MP: 2/4
  1180 | D:2      | Learned a level 3 spell: Vampiric Draining
  1438 | D:2      | Reached ** piety under Kikubaaqudgha
  1521 | D:2      | Reached skill level 1 in Spellcasting
  1716 | D:3      | Noticed Natasha
  1724 | D:3      | HP: 1/27 [Natasha (6)]
  1727 | D:3      | Slain by Natasha

Illustrated notes

Levels and vault maps discovered:
D:1:      minmay_arrival_three_doors, layout_loops_ring,
          hellmonk_ecumenical_altar_arch_garden, nicolae_houndstooth_variations
D:2:      layout_loops_ring, chequers_serial_rivers_micro_e
D:3:      minmay_bubble_buster, layout_basic, uniq_robin, uniq_natasha,
          uniq_crazy_yiuf_cottage

Skill      XL: |  1  2  3  4 |
---------------+-------------+-----
Necromancy     | 1 2 |  2.7
Spellcasting   | 1 |  1.0
Fighting       | |  2.0
Dodging        | |  2.0
Unarmed Combat | |  2.5
Conjurations   | |  0.6
Shapeshifting  | |  3.0

Action                     |  1- 3 |  4- 6 || total
---------------------------+-------+-------++-------
  Melee: Unarmed           |    84 |    40 ||   124
         Punch             |       |     1 ||     1
   Cast: Kiss of Death     |     1 |     1 ||     2
    Use: Potion            |       |     1 ||     1
   Stab: Sleeping          |     3 |     1 ||     4
 Armour: Animal skin       |    12 |     4 ||    16
         Skin              |       |     3 ||     3
  Dodge: Dodged            |    40 |    21 ||    61

Table legend: (Time is in decaauts)
 A = Elapsed time spent in this place.
 B = Non-inter-level travel time spent in this place.
 C = Inter-level travel time spent in this place.
 D = Time resting spent in this place.
 E = Time spent auto-exploring this place.
 F = Levels seen in this place.
 G = Mean time per level.
                   A        B        C        D        E       F      G
               +--------+--------+--------+--------+--------+-----+--------+
         Total |   1726 |   1685 |     41 |     76 |   1310 |   3 |  575.3 |
       Dungeon |   1726 |   1685 |     41 |     76 |   1310 |   3 |  575.3 |
               +--------+--------+--------+--------+--------+-----+--------+

Top non-repeatable levels by time:
     D:2: 1026 daAuts
     D:1: 663 daAuts
     D:3: 36 daAuts
